 Dungeon Sprint DCSS version 0.21.1-1-g345015f (webtiles) character file.

5600000 Fang the Axe Maniac (level 25, -129/257 HPs)
             Began as a Minotaur Gladiator on May 6, 2018.
             Was the Champion of Makhleb.
             Annihilated by a destroyer
             ... wielding a +9 great sword of slicing
              (147 damage)
             ... in the Dungeon (Sprint VIII: "Arena of Blood").
             The game lasted 00:00:50 (56 turns).

Fang the Axe Maniac (Minotaur Gladiator)              Turns: 56, Time: 00:00:51

Health: -129/257   AC:  6    Str: 29    XL:     25   Next: 44%
Magic:  25/53      EV: 31    Int:  5    God:    Makhleb [******]
Gold:   0          SH:  0    Dex: 14    Spells: 78/78 levels left

rFire    . . .     SeeInvis .   l - +∞ Axe of Woe
rCold    . . .     Gourm    .   (shield currently unavailable)
rNeg     . . .     Faith    .   b - +0 leather armour
rPois    .         Spirit   .   c - +0 hat
rElec    .         Reflect  .   (no cloak)
rCorr    .         Harm     .   (no gloves)
MR       +....     NoTele   +   (no boots)
Stlth    +++++++++.             (no amulet)
HPRegen  0.52/turn              (no ring)
MPRegen  0.33/turn              (no ring)

@: no status effects
A: retaliatory headbutt, horns 2
a: Minor Destruction, Lesser Servant of Makhleb, Major Destruction, Greater
Servant of Makhleb, Renounce Religion


You were in the Dungeon.
You worshipped Makhleb.
Makhleb was exalted by your worship.
You were not hungry.

You visited 1 branch

Inventory:

Hand Weapons
 a - a +0 war axe
 l - the +∞ Axe of Woe (weapon)
   (You found it in the Dungeon)
Missiles
 d - 3 throwing nets (quivered)
Armour
 b - a +0 leather armour (worn)
 c - a +0 hat (worn)
Scrolls
 k - a scroll of blinking
Potions
 e - a potion of curing
 g - a potion of heal wounds
 h - a potion of haste
 i - 2 potions of magic
 j - a potion of berserk rage
Comestibles
 f - a ration


   Skills:
 O Level 27 Fighting
 O Level 27 Axes
 O Level 27 Throwing
 O Level 27 Armour
 O Level 27 Dodging
 O Level 27 Stealth
 O Level 27 Unarmed Combat
 O Level 27 Spellcasting
 O Level 27 Invocations


You had 78 spell levels left.
You didn't know any spells.

Dungeon Overview and Level Annotations

Branches:
Dungeon (1/1)

Altars:
Makhleb


Innate Abilities, Weirdness & Mutations

You reflexively headbutt those who attack you in melee.
You have a pair of horns on your head.


Message History

* * * LOW HITPOINT WARNING * * *
x2 The destroyer bites you but does no damage.
You hear a shout!
The meat berserker rages.
The tyrant is engulfed in blazing flames.
You hear a shout! x4
The bag of meat moves out of view.
The bag of meat shouts!
A bag of meat comes into view. It is wielding a +9 war axe.
Unknown command.
You are too injured to fight recklessly!
The bag of meat shouts!
You hear a shout!
The meat berserker is engulfed in blazing flames.
You hear a shout!
The tyrant is engulfed in blazing flames.
You hear a shout! x4
The meat berserker is engulfed in blazing flames.
The destroyer hits you with a +9 great sword of slicing!!!!!
Ouch! That really hurt!
You die...

.#........_......
.......#.....# .o.
.......#_.<._#....
.V.....#)))..#V.Lo
.#....)).)_.......
......)))###VO....
....###)))...%###.
... #)))V...#
#OL.@...#
......§O§.........
#.....§§§V..o.....
......o..........#
#....o...MV.%..##.
...O.#......%.#..
..............#...
....##.#....... ..


You could see an accursed, 2 tyrants, 5 destroyers, a large bag of meat (inner
flame), 3 meat berserkers and 5 bags of meat.

Vanquished Creatures
  5 vampire knights (D)
  13 ogres (D)
  3 two-headed ogres (D)
  A hydra (D)
  24 orcs (D)
  A skeletal warrior (D)
47 creatures vanquished.

Notes
Turn   | Place    | Note
-------+----------+-------------------------------------------
     0 | D        | Found the +∞ Axe of Woe
     0 | D        | Fang the Minotaur Gladiator began the quest for the Orb.
     0 | D        | Reached XP level 1. HP: 18/18 MP: 0/0
     2 | D        | Became a worshipper of Makhleb the Destroyer
     3 | D        | Noticed a bag of meat
     4 | D        | Noticed a bag of meat
     4 | D        | Noticed a bag of meat
     5 | D        | Noticed a bag of meat
     6 | D        | Noticed a bag of meat
     7 | D        | Noticed a meat berserker
     8 | D        | Killed a bag of meat
     8 | D        | Reached skill level 10 in Throwing
     8 | D        | Reached XP level 2. HP: 41/41 MP: 1/1
     8 | D        | Reached XP level 3. HP: 48/48 MP: 2/2
     8 | D        | Reached XP level 4. HP: 56/56 MP: 3/3
     8 | D        | Reached XP level 5. HP: 62/62 MP: 4/4
     8 | D        | Reached XP level 6. HP: 70/70 MP: 5/5
     8 | D        | Reached XP level 7. HP: 77/77 MP: 6/6
     8 | D        | Reached XP level 8. HP: 83/83 MP: 7/7
     8 | D        | Reached XP level 9. HP: 90/90 MP: 8/8
     8 | D        | Reached XP level 10. HP: 97/97 MP: 9/9
     8 | D        | Reached XP level 11. HP: 104/104 MP: 10/10
     9 | D        | Killed a bag of meat
     9 | D        | Reached * piety under Makhleb
     9 | D        | Reached XP level 12. HP: 116/116 MP: 11/11
    10 | D        | Noticed a meat berserker
    10 | D        | Killed a bag of meat
    10 | D        | Reached skill level 15 in Fighting
    10 | D        | Reached XP level 13. HP: 126/126 MP: 12/12
    10 | D        | Killed a bag of meat
    10 | D        | Reached XP level 14. HP: 137/137 MP: 13/13
    10 | D        | Noticed a bag of meat
    11 | D        | Killed a meat berserker
    11 | D        | Reached ** piety under Makhleb
    11 | D        | Reached skill level 27 in Axes
    11 | D        | Reached skill level 27 in Dodging
    11 | D        | Reached XP level 15. HP: 119/155 MP: 14/14
    13 | D        | Noticed a meat berserker
    13 | D        | Killed a meat berserker
    14 | D        | Noticed a meat berserker
    15 | D        | Reached XP level 16. HP: 182/182 MP: 15/15
    15 | D        | Reached *** piety under Makhleb
    15 | D        | Reached skill level 27 in Fighting
    16 | D        | Killed a meat berserker
    16 | D        | Reached skill level 27 in Throwing
    16 | D        | Reached XP level 17. HP: 191/191 MP: 16/16
    18 | D        | Killed a meat berserker
    18 | D        | Reached **** piety under Makhleb
    18 | D        | Reached skill level 27 in Armour
    19 | D        | Reached skill level 10 in Unarmed Combat
    19 | D        | Reached skill level 10 in Invocations
    19 | D        | Reached XP level 18. HP: 200/200 MP: 16/27
    22 | D        | Noticed a destroyer
    22 | D        | Reached skill level 15 in Unarmed Combat
    22 | D        | Reached skill level 10 in Spellcasting
    23 | D        | Reached skill level 15 in Invocations
    24 | D        | Noticed a large bag of meat
    24 | D        | Killed a destroyer
    24 | D        | Reached ***** piety under Makhleb
    24 | D        | Reached XP level 19. HP: 207/207 MP: 16/36
    25 | D        | Noticed a meat berserker
    25 | D        | Noticed a large bag of meat
    25 | D        | Noticed a destroyer
    26 | D        | Reached skill level 15 in Spellcasting
    27 | D        | Noticed a meat berserker
    28 | D        | Noticed a meat berserker
    28 | D        | Reached XP level 20. HP: 216/216 MP: 17/39
    29 | D        | Noticed a meat berserker
    30 | D        | Killed a meat berserker
    31 | D        | Killed a large bag of meat
    31 | D        | Reached skill level 27 in Unarmed Combat
    32 | D        | Killed a large bag of meat
    32 | D        | Reached skill level 27 in Invocations
    32 | D        | Reached XP level 21. HP: 224/224 MP: 18/45
    33 | D        | Noticed a destroyer
    33 | D        | Reached ****** piety under Makhleb
    33 | D        | Reached skill level 27 in Stealth
    34 | D        | Reached XP level 22. HP: 233/233 MP: 18/51
    34 | D        | Reached skill level 27 in Spellcasting
    37 | D        | Noticed a large bag of meat
    37 | D        | Noticed a destroyer
    38 | D        | Killed a destroyer
    40 | D        | Noticed a destroyer
    40 | D        | Killed a destroyer
    40 | D        | Reached XP level 23. HP: 240/240 MP: 20/53
    44 | D        | Killed a destroyer
    44 | D        | Reached XP level 24. HP: 224/249 MP: 21/53
    45 | D        | Noticed a destroyer
    45 | D        | Killed a destroyer
    46 | D        | Noticed an accursed
    48 | D        | Noticed a destroyer
    48 | D        | Reached XP level 25. HP: 257/257 MP: 22/53
    50 | D        | Noticed a destroyer
    50 | D        | Noticed a large bag of meat
    51 | D        | Noticed a tyrant
    51 | D        | Killed a large bag of meat
    54 | D        | Noticed a destroyer
    55 | D        | Noticed a tyrant
    55 | D        | Noticed a destroyer
    56 | D        | Annihilated by a destroyer

Skill      XL: |  1  2  3  4  5  6  7  8  9 10 11 12 13 14 15 16 17 18 19 20 21 22 |
---------------+-------------------------------------------------------------------+-----
Fighting       | 12 13 15 16 20 26 27 | 27.0
Axes           | 20 23 25 26 27 | 27.0
Throwing       | 10 11 12 13 16 22 27 | 27.0
Dodging        | 19 21 23 24 27 | 27.0
Armour         | 27 | 27.0
Stealth        | 9 17 20 25 27 | 27.0
Unarmed Combat | 10 20 23 27 | 27.0
Spellcasting   | 7 14 16 21 26 27 | 27.0
Invocations    | 10 18 22 27 | 27.0

Action                   |  1- 3 |  4- 6 |  7- 9 | 10-12 | 13-15 | 16-18 | 19-21 | 22-24 | 25-27 || total
-------------------------+-------+-------+-------+-------+-------+-------+-------+-------+-------++-------
Melee: Executioner's axe |     1 |       |       |     2 |     3 |     7 |     7 |     9 |     4 ||    33
Armor: Leather armour    |       |       |       |       |       |       |       |       |     1 ||     1
Dodge: Dodged            |       |       |       |       |       |       |     1 |       |       ||     1
